 Dungeon Crawl Stone Soup version 0.22-a0-265-g0d8bc90 (webtiles) character file.

203 RoseArtemis the Cudgeler (level 5, -3/47 HPs)
             Began as a Minotaur Fighter on Mar 7, 2018.
             Slain by p0werm0de's ghost (9 damage)
             ... on level 4 of the Dungeon.
             The game lasted 00:05:24 (3085 turns).

RoseArtemis the Cudgeler (Minotaur Fighter)         Turns: 3085, Time: 00:05:24

Health: -3/47      AC:  9    Str: 27    XL:     5   Next: 51%
Magic:  4/4        EV:  6    Int:  5    God:
Gold:   177        SH: 10    Dex:  9    Spells: 4/4 levels left

rFire    + . .     SeeInvis .   a - +0 flail
rCold    . . .     Gourm    .   c - +0 shield
rNeg     + . .     Faith    .   r - +0 chain mail {rPois}
rPois    +         Spirit   .   (helmet restricted)
rElec    .         Reflect  .   (no cloak)
rCorr    .         Harm     .   (no gloves)
MR       .....                  (no boots)
Stlth    ..........             (no amulet)
HPRegen  0.15/turn              l - ring of protection from fire
MPRegen  0.09/turn              s - ring of positive energy

@: mighty
A: retaliatory headbutt, horns 2
a: no special abilities


You were on level 4 of the Dungeon.
You were not hungry.

You visited 1 branch of the dungeon, and saw 4 of its levels.

You collected 177 gold pieces.

Inventory:

Hand Weapons
 a - a +0 flail (weapon)
Armour
 c - a +0 shield (worn)
 r - a +0 chain mail of poison resistance (worn)
Jewellery
 l - a ring of protection from fire (left hand)
 s - a ring of positive energy (right hand)
Scrolls
 b - a scroll of remove curse {unknown}
 h - a scroll of teleportation
 m - 2 scrolls of fear {unknown}
 n - a scroll of blinking
Potions
 e - 2 potions of lignification {unknown}
 i - 3 potions of magic {unknown}
 j - a potion of degeneration {unknown}
 k - a potion of curing {unknown}
 o - a potion of heal wounds {unknown}
 p - a potion of mutation {unknown}
Comestibles
 f - 7 rations
 g - a chunk of flesh


   Skills:
 + Level 4.6 Fighting
 * Level 4.8 Maces & Flails
 + Level 4.7 Armour
 + Level 4.6 Shields


You had 4 spell levels left.
You didn't know any spells.

Dungeon Overview and Level Annotations

Branches:
Dungeon (4/15)
 Temple: D:4-7

Altars:
Dithmenos

Annotations:
D:4 p0werm0de's ghost, amateur OpGl


Innate Abilities, Weirdness & Mutations

You reflexively headbutt those who attack you in melee.
You have a pair of horns on your head.


Message History

You completely miss something. P0werm0de's ghost hits you!
Something hits you but does no damage. You block p0werm0de's ghost's attack.
You closely miss something. Something hits you but does no damage.
P0werm0de's ghost hits you.
* * * LOW HITPOINT WARNING * * *
You hit something but do no damage. Something hits you.
* * * LOW HITPOINT WARNING * * *
P0werm0de's ghost hits you.
* * * LOW HITPOINT WARNING * * *
You closely miss something. Your headbutt misses something.
Something hits you but does no damage. You block p0werm0de's ghost's attack.
Something hits you but does no damage.
You barely miss p0werm0de's ghost.
P0werm0de's ghost is heavily damaged.
P0werm0de's ghost hits you but does no damage.
Something hits you but does no damage.
You sock p0werm0de's ghost!
P0werm0de's ghost is almost destroyed.
P0werm0de's ghost hits you!
You die...

....#....#......#....#....#
....######......###..######
............#######..##...
............#.............#
............#.............#
............#.............#
............#.............#
............#..{..........#
'###........#..W@.........#
...#........#..############
...#......###..#
...#......#..........o
...#......#......W....
...#......#.........o.
..........#######.....
........... ..... ####


You could see p0werm0de's ghost.

Vanquished Creatures
  A phantom (D:4)
  5 adders
  2 oozes (D:3)
  A worm (D:3)
  A dart slug (D:1)
  2 leopard geckos
  2 orcs (D:4)
  A giant cockroach (D:1)
  4 goblins
  6 hobgoblins
  3 jackals (D:2)
  5 bats
  17 frilled lizards
  A jackal skeleton (D:4)
  7 kobolds
  6 rats
64 creatures vanquished.

Vanquished Creatures (others)
  An adder (D:3)
  4 toadstools (D:1)
5 creatures vanquished.

Grand Total: 69 creatures vanquished

Notes
Turn   | Place    | Note
-------+----------+-------------------------------------------
     0 | D:1      | RoseArtemis the Minotaur Fighter began the quest for the Orb.
     0 | D:1      | Reached XP level 1. HP: 19/19 MP: 0/0
   232 | D:1      | Reached XP level 2. HP: 27/27 MP: 1/1
   815 | D:1      | Reached XP level 3. HP: 30/33 MP: 2/2
  1746 | D:2      | Found a shadowy altar of Dithmenos.
  2144 | D:3      | Reached XP level 4. HP: 40/40 MP: 3/3
  2723 | D:4      | Noticed a phantom
  2751 | D:4      | Killed a phantom
  2751 | D:4      | Reached XP level 5. HP: 31/47 MP: 4/4
  3063 | D:4      | Noticed p0werm0de's ghost (amateur OpGl)
  3085 | D:4      | Slain by p0werm0de's ghost

Vault maps used:
D:1:      ldierk_walled_garden_2, serial_co_window_serial, co_window_corner_a,
          co_window_paths_a, co_window_paths_a, co_window_of_opportunity_a,
          co_window_corner_a, co_window_unsneaky_path_e, co_window_broadway_b,
          co_window_broadway_a, co_window_4corner_b, co_window_4corner_a,
          glass_columns_b, glass_columns_a, glass_columns_c, glass_columns_b,
          glass_columns_a, grunt_decor_clamped, minmay_lizard_pond
D:2:      lemuel_coloured_pillars_altar, first_ration
D:3:      lemuel_old_faithful
D:4:      kennysheep_small_square

Skill      XL: |  1  2  3  4 |
---------------+-------------+-----
Maces & Flails | 3 4 |  4.8
Armour         | 4 |  4.7
Shields        | 4 |  4.6
Fighting       | 4 |  4.6

Action                   |  1- 3 |  4- 6 || total
-------------------------+-------+-------++-------
Melee: Flail             |   160 |    81 ||   241
       Headbutt          |    23 |     8 ||    31
  Use: Scroll            |       |     6 ||     6
       Potion            |       |     1 ||     1
  Eat: Chunk             |     4 |     3 ||     7
Armor: Scale mail        |    55 |       ||    55
       Chain mail        |       |    52 ||    52
Dodge: Dodged            |    37 |    20 ||    57
Block: Shield            |    67 |    41 ||   108

Table legend:
 A = Spawn XP
 B = Non-spawn XP
 C = Spawn XP percentage of total XP
 D = Spawn monster count
 E = Non-spawn monster count
 F = Spawn count percentage of total count
 G = Total turns spent on level
                    A         B        C        D         E        F      G
               +---------+---------+-------+---------+---------+-------+---------
         Total |       0 |     291 |   0.0 |       0 |      64 |   0.0 |  3085
               +---------+---------+-------+---------+---------+-------+---------
           D:1 |       0 |      52 |   0.0 |       0 |      37 |   0.0 |  1303
           D:2 |       0 |      35 |   0.0 |       0 |       7 |   0.0 |   683
           D:3 |       0 |      72 |   0.0 |       0 |      14 |   0.0 |   690
           D:4 |       0 |     132 |   0.0 |       0 |       6 |   0.0 |   409
               +---------+---------+-------+---------+---------+-------+---------
